HARTFORD MONKEYS vs NEW HAVEN WARTHOGS

Created - 18 novembre 2025 at 08:29

Goals
1 2 3 OT1 T
HARTFORD MONKEYS 0 0 2 0 2
NEW HAVEN WARTHOGS 2 0 0 1 3
Shots
1 2 3 OT1 T
HARTFORD MONKEYS 13 8 11 0 32
NEW HAVEN WARTHOGS 17 16 8 1 42

1st period

1. NEW HAVEN WARTHOGS , Jakub Lauko 4 (Mark Kastelic 12, Zachary Jones 4) at 1:58
2. NEW HAVEN WARTHOGS , Jakub Lauko 5 (Mark Kastelic 13, Zachary Jones 5) at 5:55

Penalties :
Julian Lutz (NHW) for Tripping (Minor) at 1:28, Cameron Crotty (HAR) for Hooking (Minor) at 1:28, Jack St. Ivany (NHW) for Hooking (Minor) at 4:23, Declan Carlile (HAR) for Interference (Minor) at 4:39, Keaton Middleton (HAR) for Hooking (Minor) at 12:17

2nd period

No Goal

Penalties :
Lian Bichsel (NHW) for Hooking (Minor) at 13:47

3rd period

3. HARTFORD MONKEYS , Mavrik Bourque 3 (Corey Andonovski 4, Filip Mesar 4) at 0:22
4. HARTFORD MONKEYS , Mavrik Bourque 4 (Topi Niemela 2) at 18:40

Penalties :
Mark Kastelic (NHW) for Hooking (Minor) at 15:07

Overtime #1

5. NEW HAVEN WARTHOGS , Mikael Pyyhtia 7 (Ryan Suzuki 3, Jack St. Ivany 5) at 0:51

Penalties :
No Penalty

Goalie Stats

Callum Tung (HAR), 39 saves from 42 shots - (0,929), OTL, 0-5-1, 60:52 minutes
Akira Schmid (NHW), 30 saves from 32 shots - (0,938), W, 7-2-0, 60:52 minutes

Players Stats for HARTFORD MONKEYS

Player Name              G  A  P  +/- PIM S  H  SB GA TA FO     MP     PP MP  PK MP  
------------------------------------------------------------------------------------
Ben Hemmerling           0  0  0   0  0   0  3  0  0  0  1/1    18:36   0:50   0:00 
Brandon Gignac           0  0  0   0  0   3  0  0  0  0  1/1    15:14   0:16   0:00 
Cameron Crotty           0  0  0   0  2   0  2  0  0  0  0/0    12:10   0:00   0:13 
Corey Andonovski         0  1  1   1  0   2  5  0  0  0  3/4    22:48   2:59   0:49 
David Goyette            0  0  0  -2  0   3  3  0  0  0  12/26  23:21   1:13   1:07 
Declan Carlile           0  0  0   0  2   2  6  2  0  0  0/0    22:31   1:46   0:57 
Filip Mesar              0  1  1   1  0   6  0  0  0  0  0/1    22:00   2:47   0:49 
Gavin Brindley           0  0  0   0  0   2  0  0  0  0  1/2    18:59   1:13   0:00 
Isaac Ratcliffe          0  0  0   0  0   1  3  0  0  0  0/1    15:37   0:00   0:39 
Keaton Middleton         0  0  0   0  2   1  2  1  0  0  0/0    11:57   0:00   0:00 
Konnor Smith             0  0  0  -1  0   0  0  0  0  0  0/0     1:55   0:50   0:13 
Logan Mailloux           0  0  0  -1  0   0  1  2  0  0  0/0    19:35   1:37   1:05 
Mavrik Bourque           2  0  2   0  0   7  0  0  0  0  17/34  23:37   2:47   1:06 
Noah Ostlund             0  0  0   0  0   3  1  0  0  0  8/20   15:35   0:37   0:00 
Ryan Ufko                0  0  0  -1  0   1  0  0  0  0  0/0    20:25   2:27   1:05 
Samuel Bolduc            0  0  0   1  0   0  2  0  0  0  0/0     4:52   0:00   0:00 
Topi Niemela             0  1  1   1  0   0  0  1  0  0  0/0     4:52   0:00   0:00 
William Trudeau          0  0  0  -1  0   1  5  2  0  0  0/0    23:24   1:47   0:57 

Players Stats for NEW HAVEN WARTHOGS

Player Name              G  A  P  +/- PIM S  H  SB GA TA FO     MP     PP MP  PK MP  
------------------------------------------------------------------------------------
Angus Booth              0  0  0   0  0   1  0  0  0  0  0/0     6:43   0:00   0:02 
Calle Odelius            0  0  0   0  0   0  0  0  0  0  0/0     6:41   0:00   0:00 
Charles-Alexis Legault   0  0  0   0  0   0  3  2  0  0  0/0    13:22   0:00   1:01 
Cole McWard              0  0  0   0  0   0  0  1  0  0  0/0    20:08   0:58   1:36 
Dans Locmelis            0  0  0   0  0   0  0  0  0  0  5/6     4:14   0:00   0:30 
Isaiah George            0  0  0   0  0   2  0  2  0  0  0/0    13:24   0:00   0:00 
Jack St. Ivany           0  1  1   0  2   0  3  1  0  0  0/0    19:01   0:58   1:33 
Jakub Lauko              2  0  2   1  0   8  1  0  0  0  0/3    22:04   0:42   2:04 
Julian Lutz              0  0  0  -1  2   0  2  0  0  0  1/1    17:36   0:00   1:00 
Justin Ertel             0  0  0  -1  0   0  2  0  0  0  1/2    16:53   0:00   0:16 
Lian Bichsel             0  0  0   1  2   0  5  1  0  0  0/0    20:41   1:17   1:38 
Mark Kastelic            0  2  2   1  2   5  3  0  0  0  14/25  21:13   0:42   1:14 
Matt Rempe               0  0  0  -1  0   4  3  0  0  0  0/0    13:41   0:42   0:00 
Mikael Pyyhtia           1  0  1   1  0   13 0  0  0  0  17/32  21:43   1:33   1:42 
Ryan Suzuki              0  1  1   0  0   3  2  0  0  0  8/20   20:18   0:00   1:42 
Tristan Broz             0  0  0   0  0   3  0  0  0  0  1/1    18:02   1:33   0:00 
Tyler Boucher            0  0  0   0  0   1  4  0  0  0  0/0    18:02   1:33   0:00 
Zachary Jones            0  2  2   1  0   2  0  4  0  0  0/0    21:42   1:17   2:38 

3 Stars

1 - Jakub Lauko (NHW)
2 - Mavrik Bourque (HAR)
3 - Zachary Jones (NHW)

Power Play

HARTFORD MONKEYS - 0 on 3 Attempt(s) - 0,00%
NEW HAVEN WARTHOGS - 0 on 2 Attempt(s) - 0,00%

Penalty Kill

HARTFORD MONKEYS - 2 on 2 Attempt(s) - 100,00% - Score 0 goal in Penalty Kill
NEW HAVEN WARTHOGS - 3 on 3 Attempt(s) - 100,00% - Score 0 goal in Penalty Kill

Team Stat

HARTFORD MONKEYS - Hits : 33 - Faceoff Wins : 43 - Blocked Shots : 8 - Penalty Minutes : 6
NEW HAVEN WARTHOGS - Hits : 28 - Faceoff Wins : 47 - Blocked Shots : 11 - Penalty Minutes : 8

Official

Referees : Ian Walsh and Francis Charron
Linesman : Matt MacPherson and Steve Miller

Game Notes

No Game Note

HARTFORD MONKEYS

5 vs 5 Forward 
   Center                   Left Wing                Right Wing               Time % Phy DF OF 
 1 Mavrik Bourque           Corey Andonovski         Filip Mesar              36     1   2  2  
 2 David Goyette            Gavin Brindley           Ben Hemmerling           31     1   2  2  
 3 Noah Ostlund             Brandon Gignac           Isaac Ratcliffe          23     1   2  2  
 4 Mavrik Bourque           David Goyette            Corey Andonovski         10     1   2  2  

5 vs 5 Defense 
   Defense                  Defense                                           Time % Phy DF OF 
 1 William Trudeau          Declan Carlile                                    36     1   2  2  
 2 Ryan Ufko                Logan Mailloux                                    31     1   2  2  
 3 Keaton Middleton         Cameron Crotty                                    23     1   2  2  
 4 Samuel Bolduc            Topi Niemela                                      10     1   2  2  

PowerPlay Forward 
   Center                   Left Wing                Right Wing               Time % Phy DF OF 
 1 Mavrik Bourque           Corey Andonovski         Filip Mesar              55     1   2  2  
 2 David Goyette            Gavin Brindley           Ben Hemmerling           45     1   2  2  

PowerPlay Defense
   Defense                  Defense                                           Time % Phy DF OF 
 1 William Trudeau          Declan Carlile                                    55     1   2  2  
 2 Ryan Ufko                Logan Mailloux                                    45     1   2  2  

Penalty Kill 4 Players Forward 
   Center                   Wing                     Time % Phy DF OF 
 1 Mavrik Bourque           David Goyette            55     1   2  2  
 2 Corey Andonovski         Filip Mesar              45     1   2  2  

Penalty Kill 4 Players Defense
   Defense                  Defense                  Time % Phy DF OF 
 1 William Trudeau          Declan Carlile           55     1   2  2  
 2 Ryan Ufko                Logan Mailloux           45     1   2  2  

Penalty Kill - 3 Players Forward 
   Forward                                           Time % Phy DF OF 
 1 Mavrik Bourque                                    55     1   2  2  
 2 David Goyette                                     45     1   2  2  

Penalty Kill - 3 Players Defense
   Defense                  Defense                  Time % Phy DF OF 
 1 William Trudeau          Declan Carlile           55     1   2  2  
 2 Ryan Ufko                Logan Mailloux           45     1   2  2  

4 vs 4 Forward 
   Center                   Wing                     Time % Phy DF OF 
 1 Mavrik Bourque           David Goyette            55     1   2  2  
 2 Corey Andonovski         Filip Mesar              45     1   2  2  

4 vs 4 Defense
   Defense                  Defense                  Time % Phy DF OF 
 1 William Trudeau          Declan Carlile           55     1   2  2  
 2 Ryan Ufko                Logan Mailloux           45     1   2  2  

Last Minutes Offensive
   Center                   Left Wing                Right Wing               Defense                  Defense                  
   Mavrik Bourque           Corey Andonovski         Filip Mesar              William Trudeau          Declan Carlile           

Last Minutes Defensive
   Center                   Left Wing                Right Wing               Defense                  Defense                  
   Mavrik Bourque           Corey Andonovski         Filip Mesar              William Trudeau          Declan Carlile           

Goaltenders
Starting : Callum Tung              
Backup : Jordan Papirny           

Extra Forwards
Normal : Noah Ostlund, Brandon Gignac, Isaac Ratcliffe - PP : Noah Ostlund, Brandon Gignac - PK : Isaac Ratcliffe
Extra Defensemen
Normal : Konnor Smith, Keaton Middleton, Cameron Crotty - PP : Konnor Smith - PK : Keaton Middleton, Cameron Crotty
Penalty Shots
Mavrik Bourque, David Goyette, Corey Andonovski, Filip Mesar, Gavin Brindley

Scratches
Chase Pietila (Healthy), Jonas Rondbjerg (Healthy), Brad Lambert (Healthy), Carson Golder (Healthy), Luke Mistelbacher (Healthy)

NEW HAVEN WARTHOGS

5 vs 5 Forward 
   Center                   Left Wing                Right Wing               Time % Phy DF OF 
 1 Mark Kastelic            Jakub Lauko              Matt Rempe               36     1   2  2  
 2 Mikael Pyyhtia           Tristan Broz             Tyler Boucher            31     1   2  2  
 3 Ryan Suzuki              Julian Lutz              Justin Ertel             23     1   2  2  
 4 Dans Locmelis            Mark Kastelic            Jakub Lauko              10     1   2  2  

5 vs 5 Defense 
   Defense                  Defense                                           Time % Phy DF OF 
 1 Zachary Jones            Lian Bichsel                                      36     1   2  2  
 2 Jack St. Ivany           Cole McWard                                       31     1   2  2  
 3 Isaiah George            Charles-Alexis Legault                            23     1   2  2  
 4 Angus Booth              Calle Odelius                                     10     1   2  2  

PowerPlay Forward 
   Center                   Left Wing                Right Wing               Time % Phy DF OF 
 1 Mark Kastelic            Jakub Lauko              Matt Rempe               55     1   2  2  
 2 Mikael Pyyhtia           Tristan Broz             Tyler Boucher            45     1   2  2  

PowerPlay Defense
   Defense                  Defense                                           Time % Phy DF OF 
 1 Zachary Jones            Lian Bichsel                                      55     1   2  2  
 2 Jack St. Ivany           Cole McWard                                       45     1   2  2  

Penalty Kill 4 Players Forward 
   Center                   Wing                     Time % Phy DF OF 
 1 Mark Kastelic            Jakub Lauko              55     1   2  2  
 2 Mikael Pyyhtia           Ryan Suzuki              45     1   2  2  

Penalty Kill 4 Players Defense
   Defense                  Defense                  Time % Phy DF OF 
 1 Zachary Jones            Lian Bichsel             55     1   2  2  
 2 Jack St. Ivany           Cole McWard              45     1   2  2  

Penalty Kill - 3 Players Forward 
   Forward                                           Time % Phy DF OF 
 1 Mark Kastelic                                     55     1   2  2  
 2 Jakub Lauko                                       45     1   2  2  

Penalty Kill - 3 Players Defense
   Defense                  Defense                  Time % Phy DF OF 
 1 Zachary Jones            Lian Bichsel             55     1   2  2  
 2 Jack St. Ivany           Cole McWard              45     1   2  2  

4 vs 4 Forward 
   Center                   Wing                     Time % Phy DF OF 
 1 Mark Kastelic            Jakub Lauko              55     1   2  2  
 2 Mikael Pyyhtia           Ryan Suzuki              45     1   2  2  

4 vs 4 Defense
   Defense                  Defense                  Time % Phy DF OF 
 1 Zachary Jones            Lian Bichsel             55     1   2  2  
 2 Jack St. Ivany           Cole McWard              45     1   2  2  

Last Minutes Offensive
   Center                   Left Wing                Right Wing               Defense                  Defense                  
   Mark Kastelic            Jakub Lauko              Matt Rempe               Zachary Jones            Lian Bichsel             

Last Minutes Defensive
   Center                   Left Wing                Right Wing               Defense                  Defense                  
   Mark Kastelic            Jakub Lauko              Matt Rempe               Zachary Jones            Lian Bichsel             

Goaltenders
Starting : Akira Schmid             
Backup : Dylan Garand             

Extra Forwards
Normal : Julian Lutz, Justin Ertel, Dans Locmelis - PP : Julian Lutz, Justin Ertel - PK : Dans Locmelis
Extra Defensemen
Normal : Isaiah George, Charles-Alexis Legault, Angus Booth - PP : Isaiah George - PK : Charles-Alexis Legault, Angus Booth
Penalty Shots
Mark Kastelic, Jakub Lauko, Mikael Pyyhtia, Ryan Suzuki, Matt Rempe

Scratches
Aidan Thompson (Healthy), Alex Bump (Healthy), Cameron Berg (Healthy), Guillaume Richard (Healthy), Jordan Dumais (Healthy)
Koehn Ziemmer (Healthy), Taige Harding (Healthy), Jacob Fowler (Healthy), Sebastian Cossa (Healthy)

% Time on Ice - HARTFORD MONKEYS

Lines # - Real PCT - Wanted PCT - Time Play
Normal Forward
1 - 33% - 36% - 16:29
2 - 36% - 31% - 17:46
3 - 30% - 23% - 14:58
4 - 1% - 10% - 0:36
Normal Defense
1 - 36% - 36% - 18:01
2 - 30% - 31% - 14:58
3 - 24% - 23% - 11:58
4 - 10% - 10% - 4:52
PP Forward
1 - 71% - 55% - 3:01
2 - 29% - 45% - 1:13
PP Defense
1 - 42% - 55% - 1:47
2 - 58% - 45% - 2:27
PK Forward
1 - 64% - 55% - 1:26
2 - 36% - 45% - 0:49
PK Defense
1 - 52% - 55% - 1:10
2 - 48% - 45% - 1:05
PK3 Forward
1 - 0% - 55%
2 - 0% - 45%
PK3 Defense
1 - 0% - 55%
2 - 0% - 45%
44 Forward
1 - 58% - 55% - 2:39
2 - 42% - 45% - 1:55
44 Defense
1 - 58% - 55% - 2:39
2 - 42% - 45% - 1:55
Last Minute Offensive  - 0:00
Last Minute Defensive  - 0:00
Total
Forward - 60:52
Defense - 60:52

% Time on Ice - NEW HAVEN WARTHOGS

Lines # - Real PCT - Wanted PCT - Time Play
Normal Forward
1 - 26% - 36% - 12:59
2 - 33% - 31% - 16:29
3 - 33% - 23% - 16:37
4 - 7% - 10% - 3:44
Normal Defense
1 - 31% - 36% - 15:12
2 - 31% - 31% - 15:35
3 - 25% - 23% - 12:21
4 - 13% - 10% - 6:41
PP Forward
1 - 31% - 55% - 0:42
2 - 69% - 45% - 1:33
PP Defense
1 - 57% - 55% - 1:17
2 - 43% - 45% - 0:58
PK Forward
1 - 60% - 55% - 2:32
2 - 40% - 45% - 1:42
PK Defense
1 - 62% - 55% - 2:38
2 - 38% - 45% - 1:36
PK3 Forward
1 - 0% - 55%
2 - 0% - 45%
PK3 Defense
1 - 0% - 55%
2 - 0% - 45%
44 Forward
1 - 57% - 55% - 2:35
2 - 43% - 45% - 1:59
44 Defense
1 - 57% - 55% - 2:35
2 - 43% - 45% - 1:59
Last Minute Offensive  - 0:00
Last Minute Defensive  - 0:00
Total
Forward - 60:52
Defense - 60:52

Play-by-Play

1st period


0:01 of 1st period - Mark Kastelic wins face-off versus Filip Mesar in neutral zone.
0:01 of 1st period - Mark Kastelic is hit by Corey Andonovski.
0:06 of 1st period - Jakub Lauko is hit by William Trudeau and loses puck.
0:15 of 1st period - Shot by Mavrik Bourque.
0:15 of 1st period - Stopped by Akira Schmid with a rebound.
0:17 of 1st period - Shot by Declan Carlile.
0:17 of 1st period - Stopped by Akira Schmid without a rebound.
0:18 of 1st period - Mikael Pyyhtia wins face-off versus David Goyette in NEW HAVEN WARTHOGS zone.
0:18 of 1st period - Mikael Pyyhtia is hit by David Goyette.
0:31 of 1st period - Tristan Broz is hit by Logan Mailloux and loses puck.
0:42 of 1st period - Shot by David Goyette.
0:42 of 1st period - Stopped by Akira Schmid without a rebound.
0:43 of 1st period - Noah Ostlund wins face-off versus Ryan Suzuki in NEW HAVEN WARTHOGS zone.
0:46 of 1st period - Shot by Noah Ostlund.
0:46 of 1st period - Stopped by Akira Schmid without a rebound.
0:47 of 1st period - Noah Ostlund wins face-off versus Ryan Suzuki in NEW HAVEN WARTHOGS zone.
0:52 of 1st period - Shot by Keaton Middleton.
0:52 of 1st period - Shot Blocked by Isaiah George.
0:57 of 1st period - Ryan Suzuki is hit by Cameron Crotty and loses puck.
1:06 of 1st period - Shot by Julian Lutz.
1:06 of 1st period - Shot Misses the Net.
1:26 of 1st period - Ryan Suzuki is hit by Keaton Middleton and loses puck.
1:28 of 1st period - Minor Penalty to Julian Lutz for Tripping.
1:28 of 1st period - Minor Penalty to Cameron Crotty for Hooking.
1:29 of 1st period - Mark Kastelic wins face-off versus Mavrik Bourque in HARTFORD MONKEYS zone.
1:52 of 1st period - Shot by Jakub Lauko.
1:52 of 1st period - Shot Blocked by Declan Carlile.
1:54 of 1st period - Shot by Jakub Lauko.
1:54 of 1st period - Shot Misses the Net.
1:56 of 1st period - Shot by Jakub Lauko.
1:56 of 1st period - Shot Misses the Net.
1:58 of 1st period - Shot by Jakub Lauko.
1:58 of 1st period - Goal by Jakub Lauko - HARTFORD MONKEYS : 0 - NEW HAVEN WARTHOGS : 1.
1:59 of 1st period - Corey Andonovski wins face-off versus Mikael Pyyhtia in neutral zone.
2:19 of 1st period - Off-side.
2:20 of 1st period - Mavrik Bourque wins face-off versus Mark Kastelic in neutral zone.
2:23 of 1st period - Shot by Mavrik Bourque.
2:23 of 1st period - Stopped by Akira Schmid with a rebound.
2:31 of 1st period - Shot by Jakub Lauko.
2:31 of 1st period - Deflect By Mark Kastelic.
2:31 of 1st period - Shot Misses the Net.
2:51 of 1st period - David Goyette is hit by Lian Bichsel and loses puck.
2:54 of 1st period - Shot by William Trudeau.
2:54 of 1st period - Stopped by Akira Schmid with a rebound.
2:56 of 1st period - Shot by Mavrik Bourque.
2:56 of 1st period - Shot Misses the Net.
3:19 of 1st period - Ryan Ufko is hit by Jack St. Ivany and loses puck.
3:50 of 1st period - Shot by Mikael Pyyhtia.
3:50 of 1st period - Shot Blocked by Topi Niemela.
3:52 of 1st period - Shot by Mikael Pyyhtia.
3:52 of 1st period - Stopped by Callum Tung with a rebound.
3:54 of 1st period - Shot by Mikael Pyyhtia.
3:54 of 1st period - Stopped by Callum Tung without a rebound.
3:55 of 1st period - Gavin Brindley wins face-off versus Ryan Suzuki in HARTFORD MONKEYS zone.
3:55 of 1st period - Gavin Brindley is hit by Justin Ertel.
4:23 of 1st period - Minor Penalty to Jack St. Ivany for Hooking.
4:24 of 1st period - Mark Kastelic wins face-off versus Mavrik Bourque in NEW HAVEN WARTHOGS zone.
4:24 of 1st period - Mark Kastelic is hit by Corey Andonovski.
4:34 of 1st period - Shot by Mark Kastelic.
4:34 of 1st period - Shot Misses the Net.
4:36 of 1st period - Shot by Jakub Lauko.
4:36 of 1st period - Shot Blocked by William Trudeau.
4:39 of 1st period - Minor Penalty to Declan Carlile for Interference.
4:40 of 1st period - Corey Andonovski wins face-off versus Mikael Pyyhtia in HARTFORD MONKEYS zone.
4:53 of 1st period - Shot by Filip Mesar.
4:53 of 1st period - Stopped by Akira Schmid with a rebound.
5:19 of 1st period - Logan Mailloux is hit by Ryan Suzuki and loses puck.
5:33 of 1st period - Icing by Isaiah George.
5:34 of 1st period - Mikael Pyyhtia wins face-off versus Mavrik Bourque in NEW HAVEN WARTHOGS zone.
5:45 of 1st period - Icing by Mavrik Bourque.
5:46 of 1st period - Mark Kastelic wins face-off versus Mavrik Bourque in HARTFORD MONKEYS zone.
5:51 of 1st period - Shot by Mark Kastelic.
5:51 of 1st period - Shot Misses the Net.
5:53 of 1st period - Shot by Jakub Lauko.
5:53 of 1st period - Stopped by Callum Tung with a rebound.
5:55 of 1st period - Shot by Jakub Lauko.
5:55 of 1st period - Goal by Jakub Lauko - HARTFORD MONKEYS : 0 - NEW HAVEN WARTHOGS : 2.
5:56 of 1st period - Mavrik Bourque wins face-off versus Mark Kastelic in neutral zone.
6:09 of 1st period - Shot by Mavrik Bourque.
6:09 of 1st period - Shot Blocked by Zachary Jones.
6:24 of 1st period - Shot by Logan Mailloux.
6:24 of 1st period - Shot Misses the Net.
6:39 of 1st period - Shot by Jack St. Ivany.
6:39 of 1st period - Shot Blocked by Keaton Middleton.
6:50 of 1st period - Shot by Noah Ostlund.
6:50 of 1st period - Stopped by Akira Schmid without a rebound.
6:51 of 1st period - Mark Kastelic wins face-off versus Noah Ostlund in NEW HAVEN WARTHOGS zone.
6:51 of 1st period - Mark Kastelic is hit by Isaac Ratcliffe.
7:00 of 1st period - Mark Kastelic is hit by William Trudeau and loses puck.
7:11 of 1st period - Shot by Mark Kastelic.
7:11 of 1st period - Shot Blocked by Declan Carlile.
7:20 of 1st period - Jakub Lauko is hit by Declan Carlile and loses puck.
7:46 of 1st period - Shot by Logan Mailloux.
7:46 of 1st period - Shot Misses the Net.
7:48 of 1st period - Shot by David Goyette.
7:48 of 1st period - Stopped by Akira Schmid without a rebound.
7:49 of 1st period - Mavrik Bourque wins face-off versus Mikael Pyyhtia in NEW HAVEN WARTHOGS zone.
7:50 of 1st period - Shot by Corey Andonovski.
7:50 of 1st period - Stopped by Akira Schmid without a rebound.
7:51 of 1st period - Mikael Pyyhtia wins face-off versus Mavrik Bourque in NEW HAVEN WARTHOGS zone.
8:00 of 1st period - Shot by Mikael Pyyhtia.
8:00 of 1st period - Stopped by Callum Tung without a rebound.
8:01 of 1st period - Mavrik Bourque wins face-off versus Justin Ertel in HARTFORD MONKEYS zone.
8:38 of 1st period - Shot by Filip Mesar.
8:38 of 1st period - Shot Misses the Net.
9:23 of 1st period - Mikael Pyyhtia is hit by William Trudeau.
9:30 of 1st period - Mikael Pyyhtia is hit by William Trudeau.
9:37 of 1st period - Icing by Declan Carlile.
9:38 of 1st period - David Goyette wins face-off versus Mark Kastelic in HARTFORD MONKEYS zone.
9:38 of 1st period - David Goyette is hit by Matt Rempe.
9:41 of 1st period - Gavin Brindley is hit by Mark Kastelic and loses puck.
9:47 of 1st period - Jakub Lauko is hit by Declan Carlile and loses puck.
9:55 of 1st period - Matt Rempe is hit by Declan Carlile and loses puck.
10:04 of 1st period - Shot by Jakub Lauko.
10:04 of 1st period - Stopped by Callum Tung with a rebound.
10:06 of 1st period - Shot by Jakub Lauko.
10:06 of 1st period - Shot Misses the Net.
10:09 of 1st period - Jakub Lauko is hit by Declan Carlile.
10:24 of 1st period - Julian Lutz is hit by Declan Carlile and loses puck.
10:56 of 1st period - Shot by Filip Mesar.
10:56 of 1st period - Stopped by Akira Schmid without a rebound.
10:57 of 1st period - Mikael Pyyhtia wins face-off versus Noah Ostlund in NEW HAVEN WARTHOGS zone.
11:12 of 1st period - Shot by Mikael Pyyhtia.
11:12 of 1st period - Stopped by Callum Tung without a rebound.
11:13 of 1st period - Dans Locmelis wins face-off versus Mavrik Bourque in HARTFORD MONKEYS zone.
12:00 of 1st period - Shot by Mikael Pyyhtia.
12:00 of 1st period - Deflect By Tristan Broz.
12:00 of 1st period - Stopped by Callum Tung with a rebound.
12:02 of 1st period - Shot by Mikael Pyyhtia.
12:02 of 1st period - Stopped by Callum Tung without a rebound.
12:03 of 1st period - Ryan Suzuki wins face-off versus Noah Ostlund in HARTFORD MONKEYS zone.
12:17 of 1st period - Minor Penalty to Keaton Middleton for Hooking.
12:18 of 1st period - Tristan Broz wins face-off versus Mavrik Bourque in HARTFORD MONKEYS zone.
13:50 of 1st period - Lian Bichsel is hit by Isaac Ratcliffe and loses puck.
14:25 of 1st period - Shot by Ryan Suzuki.
14:25 of 1st period - Stopped by Callum Tung without a rebound.
14:26 of 1st period - Ryan Suzuki wins face-off versus David Goyette in HARTFORD MONKEYS zone.
14:41 of 1st period - Shot by Ryan Suzuki.
14:41 of 1st period - Stopped by Callum Tung with a rebound.
14:52 of 1st period - Shot by Ryan Suzuki.
14:52 of 1st period - Stopped by Callum Tung without a rebound.
14:53 of 1st period - Dans Locmelis wins face-off versus Noah Ostlund in HARTFORD MONKEYS zone.
15:04 of 1st period - Shot by Mark Kastelic.
15:04 of 1st period - Shot Misses the Net.
15:35 of 1st period - Off-side.
15:36 of 1st period - Mikael Pyyhtia wins face-off versus Mavrik Bourque in neutral zone.
15:45 of 1st period - Shot by Mikael Pyyhtia.
15:45 of 1st period - Deflect By Tristan Broz.
15:45 of 1st period - Stopped by Callum Tung with a rebound.
15:47 of 1st period - Shot by Mikael Pyyhtia.
15:47 of 1st period - Stopped by Callum Tung without a rebound.
15:48 of 1st period - Corey Andonovski wins face-off versus Ryan Suzuki in HARTFORD MONKEYS zone.
16:17 of 1st period - Off-side.
16:18 of 1st period - David Goyette wins face-off versus Mikael Pyyhtia in neutral zone.
16:39 of 1st period - Shot by Mikael Pyyhtia.
16:39 of 1st period - Stopped by Callum Tung without a rebound.
16:40 of 1st period - Mark Kastelic wins face-off versus Noah Ostlund in HARTFORD MONKEYS zone.
17:38 of 1st period - Shot by Mavrik Bourque.
17:38 of 1st period - Stopped by Akira Schmid without a rebound.
17:39 of 1st period - David Goyette wins face-off versus Mikael Pyyhtia in NEW HAVEN WARTHOGS zone.
18:02 of 1st period - Shot by Mikael Pyyhtia.
18:02 of 1st period - Shot Misses the Net.
18:04 of 1st period - Shot by Mikael Pyyhtia.
18:04 of 1st period - Stopped by Callum Tung without a rebound.
18:05 of 1st period - Mavrik Bourque wins face-off versus Ryan Suzuki in HARTFORD MONKEYS zone.
18:05 of 1st period - Mavrik Bourque is hit by Justin Ertel.
18:24 of 1st period - Filip Mesar is hit by Jack St. Ivany and loses puck.
18:40 of 1st period - Mavrik Bourque is hit by Jack St. Ivany and loses puck.
18:45 of 1st period - Shot by Mavrik Bourque.
18:45 of 1st period - Deflect By Filip Mesar.
18:45 of 1st period - Stopped by Akira Schmid with a rebound.
19:04 of 1st period - Icing by Logan Mailloux.
19:05 of 1st period - Mikael Pyyhtia wins face-off versus David Goyette in HARTFORD MONKEYS zone.
19:08 of 1st period - Shot by Mikael Pyyhtia.
19:08 of 1st period - Shot Misses the Net.
19:22 of 1st period - Shot by Mikael Pyyhtia.
19:22 of 1st period - Deflect By Tristan Broz.
19:22 of 1st period - Shot Blocked by Logan Mailloux.
19:30 of 1st period - Shot by Tristan Broz.
19:30 of 1st period - Shot Misses the Net.
Goals for this period are 0 for HARTFORD MONKEYS vs 2 for NEW HAVEN WARTHOGS.
Shots for this period are 13 for HARTFORD MONKEYS vs 17 for NEW HAVEN WARTHOGS.

2nd period


0:01 of 2nd period - Mavrik Bourque wins face-off versus Mark Kastelic in neutral zone.
0:27 of 2nd period - Shot by Mark Kastelic.
0:27 of 2nd period - Deflect By Matt Rempe.
0:27 of 2nd period - Stopped by Callum Tung without a rebound.
0:28 of 2nd period - Mikael Pyyhtia wins face-off versus Gavin Brindley in HARTFORD MONKEYS zone.
0:35 of 2nd period - Shot by Tristan Broz.
0:35 of 2nd period - Deflect By Tyler Boucher.
0:35 of 2nd period - Shot Misses the Net.
0:43 of 2nd period - Shot by Tristan Broz.
0:43 of 2nd period - Shot Misses the Net.
0:45 of 2nd period - Shot by Jack St. Ivany.
0:45 of 2nd period - Shot Misses the Net.
0:47 of 2nd period - Shot by Mikael Pyyhtia.
0:47 of 2nd period - Stopped by Callum Tung without a rebound.
0:48 of 2nd period - Ryan Suzuki wins face-off versus Noah Ostlund in HARTFORD MONKEYS zone.
0:55 of 2nd period - Shot by Noah Ostlund.
0:55 of 2nd period - Shot Misses the Net.
1:07 of 2nd period - Shot by Noah Ostlund.
1:07 of 2nd period - Shot Misses the Net.
2:07 of 2nd period - Shot by Matt Rempe.
2:07 of 2nd period - Shot Blocked by Logan Mailloux.
2:11 of 2nd period - Shot by Jakub Lauko.
2:11 of 2nd period - Stopped by Callum Tung with a rebound.
2:13 of 2nd period - Shot by Mark Kastelic.
2:13 of 2nd period - Deflect By Matt Rempe.
2:13 of 2nd period - Shot Misses the Net.
2:15 of 2nd period - Shot by Matt Rempe.
2:15 of 2nd period - Shot Misses the Net.
2:17 of 2nd period - Shot by Jakub Lauko.
2:17 of 2nd period - Deflect By Mark Kastelic.
2:17 of 2nd period - Stopped by Callum Tung without a rebound.
2:18 of 2nd period - Mikael Pyyhtia wins face-off versus David Goyette in HARTFORD MONKEYS zone.
2:21 of 2nd period - Shot by Mikael Pyyhtia.
2:21 of 2nd period - Shot Misses the Net.
2:23 of 2nd period - Shot by Mikael Pyyhtia.
2:23 of 2nd period - Shot Misses the Net.
2:25 of 2nd period - Shot by Tyler Boucher.
2:25 of 2nd period - Stopped by Callum Tung without a rebound.
2:26 of 2nd period - David Goyette wins face-off versus Mikael Pyyhtia in HARTFORD MONKEYS zone.
3:51 of 2nd period - Icing by Keaton Middleton.
3:52 of 2nd period - Ryan Suzuki wins face-off versus Isaac Ratcliffe in HARTFORD MONKEYS zone.
3:53 of 2nd period - Shot by Julian Lutz.
3:53 of 2nd period - Shot Misses the Net.
5:55 of 2nd period - Mikael Pyyhtia is hit by Samuel Bolduc and loses puck.
6:15 of 2nd period - Off-side.
6:16 of 2nd period - Dans Locmelis wins face-off versus Noah Ostlund in neutral zone.
6:30 of 2nd period - Icing by Logan Mailloux.
6:31 of 2nd period - Ryan Suzuki wins face-off versus Noah Ostlund in HARTFORD MONKEYS zone.
6:57 of 2nd period - Shot by Ryan Suzuki.
6:57 of 2nd period - Shot Misses the Net.
7:33 of 2nd period - Shot by Matt Rempe.
7:33 of 2nd period - Shot Misses the Net.
7:35 of 2nd period - Shot by Jack St. Ivany.
7:35 of 2nd period - Shot Misses the Net.
7:37 of 2nd period - Shot by Matt Rempe.
7:37 of 2nd period - Stopped by Callum Tung without a rebound.
7:38 of 2nd period - Mavrik Bourque wins face-off versus Mikael Pyyhtia in HARTFORD MONKEYS zone.
7:46 of 2nd period - Shot by Isaiah George.
7:46 of 2nd period - Stopped by Callum Tung without a rebound.
7:47 of 2nd period - Mikael Pyyhtia wins face-off versus Mavrik Bourque in HARTFORD MONKEYS zone.
8:00 of 2nd period - Shot by Mikael Pyyhtia.
8:00 of 2nd period - Shot Misses the Net.
8:02 of 2nd period - Shot by Isaiah George.
8:02 of 2nd period - Stopped by Callum Tung without a rebound.
8:03 of 2nd period - Mark Kastelic wins face-off versus David Goyette in HARTFORD MONKEYS zone.
8:04 of 2nd period - Shot by Zachary Jones.
8:04 of 2nd period - Stopped by Callum Tung without a rebound.
8:05 of 2nd period - Mark Kastelic wins face-off versus David Goyette in HARTFORD MONKEYS zone.
8:15 of 2nd period - Shot by Mark Kastelic.
8:15 of 2nd period - Stopped by Callum Tung without a rebound.
8:16 of 2nd period - Mavrik Bourque wins face-off versus Mikael Pyyhtia in HARTFORD MONKEYS zone.
8:16 of 2nd period - Mavrik Bourque is hit by Tyler Boucher.
9:24 of 2nd period - Jakub Lauko is hit by Cameron Crotty.
9:44 of 2nd period - Shot by David Goyette.
9:44 of 2nd period - Shot Misses the Net.
10:15 of 2nd period - Declan Carlile is hit by Ryan Suzuki and loses puck.
10:59 of 2nd period - Shot by Tristan Broz.
10:59 of 2nd period - Shot Hit the Post.
11:14 of 2nd period - Shot by Mikael Pyyhtia.
11:14 of 2nd period - Shot Misses the Net.
11:16 of 2nd period - Shot by Angus Booth.
11:16 of 2nd period - Stopped by Callum Tung without a rebound.
11:17 of 2nd period - Dans Locmelis wins face-off versus David Goyette in HARTFORD MONKEYS zone.
11:27 of 2nd period - Shot by Jakub Lauko.
11:27 of 2nd period - Stopped by Callum Tung with a rebound.
11:35 of 2nd period - Shot by David Goyette.
11:35 of 2nd period - Shot Misses the Net.
11:43 of 2nd period - Ben Hemmerling is hit by Jakub Lauko and loses puck.
12:02 of 2nd period - Zachary Jones is hit by Samuel Bolduc and loses puck.
12:19 of 2nd period - Shot by Ryan Suzuki.
12:19 of 2nd period - Shot Misses the Net.
12:57 of 2nd period - Shot by Isaiah George.
12:57 of 2nd period - Shot Blocked by William Trudeau.
13:16 of 2nd period - Shot by Filip Mesar.
13:16 of 2nd period - Stopped by Akira Schmid without a rebound.
13:17 of 2nd period - Mark Kastelic wins face-off versus Noah Ostlund in NEW HAVEN WARTHOGS zone.
13:22 of 2nd period - Shot by Jakub Lauko.
13:22 of 2nd period - Stopped by Callum Tung with a rebound.
13:40 of 2nd period - Shot by Brandon Gignac.
13:40 of 2nd period - Stopped by Akira Schmid without a rebound.
13:41 of 2nd period - Mavrik Bourque wins face-off versus Ryan Suzuki in NEW HAVEN WARTHOGS zone.
13:41 of 2nd period - Keaton Middleton is hit by Lian Bichsel and loses puck.
13:44 of 2nd period - Shot by Mavrik Bourque.
13:44 of 2nd period - Shot Misses the Net.
13:47 of 2nd period - Minor Penalty to Lian Bichsel for Hooking.
13:48 of 2nd period - Mavrik Bourque wins face-off versus Mark Kastelic in NEW HAVEN WARTHOGS zone.
13:57 of 2nd period - Mavrik Bourque is hit by Charles-Alexis Legault and loses puck.
14:34 of 2nd period - Mikael Pyyhtia is hit by Noah Ostlund and loses puck.
14:39 of 2nd period - Shot by Logan Mailloux.
14:39 of 2nd period - Shot Misses the Net.
14:41 of 2nd period - Shot by Ryan Ufko.
14:41 of 2nd period - Shot Misses the Net.
14:43 of 2nd period - Shot by Ryan Ufko.
14:43 of 2nd period - Stopped by Akira Schmid with a rebound.
14:45 of 2nd period - Shot by Ryan Ufko.
14:45 of 2nd period - Shot Misses the Net.
15:13 of 2nd period - Shot by William Trudeau.
15:13 of 2nd period - Shot Misses the Net.
15:15 of 2nd period - Shot by William Trudeau.
15:15 of 2nd period - Shot Misses the Net.
15:17 of 2nd period - Shot by Declan Carlile.
15:17 of 2nd period - Shot Blocked by Charles-Alexis Legault.
15:19 of 2nd period - Shot by Declan Carlile.
15:19 of 2nd period - Stopped by Akira Schmid without a rebound.
15:20 of 2nd period - Brandon Gignac wins face-off versus Mikael Pyyhtia in NEW HAVEN WARTHOGS zone.
15:21 of 2nd period - Shot by Mavrik Bourque.
15:21 of 2nd period - Deflect By Filip Mesar.
15:21 of 2nd period - Stopped by Akira Schmid without a rebound.
15:22 of 2nd period - Ryan Suzuki wins face-off versus Mavrik Bourque in NEW HAVEN WARTHOGS zone.
15:37 of 2nd period - Shot by Filip Mesar.
15:37 of 2nd period - Shot Misses the Net.
15:39 of 2nd period - Shot by Ryan Ufko.
15:39 of 2nd period - Shot Misses the Net.
15:51 of 2nd period - Shot by Isaac Ratcliffe.
15:51 of 2nd period - Stopped by Akira Schmid without a rebound.
15:52 of 2nd period - Noah Ostlund wins face-off versus Ryan Suzuki in NEW HAVEN WARTHOGS zone.
15:57 of 2nd period - Shot by Noah Ostlund.
15:57 of 2nd period - Shot Misses the Net.
15:59 of 2nd period - Shot by Noah Ostlund.
15:59 of 2nd period - Stopped by Akira Schmid without a rebound.
16:00 of 2nd period - Mikael Pyyhtia wins face-off versus Noah Ostlund in NEW HAVEN WARTHOGS zone.
16:09 of 2nd period - Icing by Mikael Pyyhtia.
16:10 of 2nd period - Mikael Pyyhtia wins face-off versus David Goyette in NEW HAVEN WARTHOGS zone.
16:28 of 2nd period - David Goyette is hit by Tyler Boucher and loses puck.
16:39 of 2nd period - Shot by David Goyette.
16:39 of 2nd period - Deflect By Gavin Brindley.
16:39 of 2nd period - Shot Blocked by Zachary Jones.
16:47 of 2nd period - Keaton Middleton is hit by Tyler Boucher and loses puck.
17:24 of 2nd period - Shot by Mavrik Bourque.
17:24 of 2nd period - Deflect By Corey Andonovski.
17:24 of 2nd period - Shot Misses the Net.
17:31 of 2nd period - Off-side.
17:32 of 2nd period - Noah Ostlund wins face-off versus Ryan Suzuki in neutral zone.
17:35 of 2nd period - Shot by Logan Mailloux.
17:35 of 2nd period - Shot Misses the Net.
17:45 of 2nd period - Shot by Julian Lutz.
17:45 of 2nd period - Shot Misses the Net.
18:03 of 2nd period - Isaiah George is hit by Isaac Ratcliffe and loses puck.
18:13 of 2nd period - Off-side.
18:14 of 2nd period - Mikael Pyyhtia wins face-off versus Mavrik Bourque in neutral zone.
18:21 of 2nd period - Shot by Mikael Pyyhtia.
18:21 of 2nd period - Stopped by Callum Tung without a rebound.
18:22 of 2nd period - Mark Kastelic wins face-off versus Mavrik Bourque in HARTFORD MONKEYS zone.
18:39 of 2nd period - Shot by Jakub Lauko.
18:39 of 2nd period - Stopped by Callum Tung without a rebound.
18:40 of 2nd period - Mikael Pyyhtia wins face-off versus David Goyette in HARTFORD MONKEYS zone.
19:09 of 2nd period - Shot by Gavin Brindley.
19:09 of 2nd period - Stopped by Akira Schmid without a rebound.
19:10 of 2nd period - Mark Kastelic wins face-off versus Mavrik Bourque in NEW HAVEN WARTHOGS zone.
19:10 of 2nd period - Mark Kastelic is hit by Corey Andonovski.
19:13 of 2nd period - Icing by Jakub Lauko.
19:14 of 2nd period - Mavrik Bourque wins face-off versus Mark Kastelic in NEW HAVEN WARTHOGS zone.
19:16 of 2nd period - Filip Mesar is hit by Lian Bichsel.
19:18 of 2nd period - Shot by Mavrik Bourque.
19:18 of 2nd period - Shot Blocked by Zachary Jones.
19:21 of 2nd period - Icing by Zachary Jones.
19:22 of 2nd period - Mavrik Bourque wins face-off versus Mark Kastelic in NEW HAVEN WARTHOGS zone.
19:23 of 2nd period - Shot by William Trudeau.
19:23 of 2nd period - Shot Misses the Net.
19:41 of 2nd period - Shot by Mark Kastelic.
19:41 of 2nd period - Deflect By Matt Rempe.
19:41 of 2nd period - Stopped by Callum Tung without a rebound.
19:42 of 2nd period - Noah Ostlund wins face-off versus Mikael Pyyhtia in HARTFORD MONKEYS zone.
Goals for this period are 0 for HARTFORD MONKEYS vs 0 for NEW HAVEN WARTHOGS.
Shots for this period are 8 for HARTFORD MONKEYS vs 16 for NEW HAVEN WARTHOGS.

3rd period


0:01 of 3rd period - Mark Kastelic wins face-off versus Mavrik Bourque in neutral zone.
0:20 of 3rd period - Shot by Corey Andonovski.
0:20 of 3rd period - Shot Blocked by Zachary Jones.
0:22 of 3rd period - Shot by Mavrik Bourque.
0:22 of 3rd period - Goal by Mavrik Bourque - HARTFORD MONKEYS : 1 - NEW HAVEN WARTHOGS : 2.
0:23 of 3rd period - David Goyette wins face-off versus Mikael Pyyhtia in neutral zone.
0:26 of 3rd period - Mikael Pyyhtia is hit by Ben Hemmerling and loses puck.
0:33 of 3rd period - Shot by Gavin Brindley.
0:33 of 3rd period - Stopped by Akira Schmid without a rebound.
0:34 of 3rd period - Ryan Suzuki wins face-off versus Noah Ostlund in NEW HAVEN WARTHOGS zone.
0:38 of 3rd period - Off-side.
0:39 of 3rd period - Mavrik Bourque wins face-off versus Mark Kastelic in neutral zone.
0:39 of 3rd period - Mavrik Bourque is hit by Mark Kastelic.
0:44 of 3rd period - Icing by Zachary Jones.
0:45 of 3rd period - Mavrik Bourque wins face-off versus Jakub Lauko in NEW HAVEN WARTHOGS zone.
0:46 of 3rd period - Shot by Corey Andonovski.
0:46 of 3rd period - Stopped by Akira Schmid without a rebound.
0:47 of 3rd period - Mark Kastelic wins face-off versus Mavrik Bourque in NEW HAVEN WARTHOGS zone.
1:04 of 3rd period - Off-side.
1:05 of 3rd period - Ben Hemmerling wins face-off versus Mikael Pyyhtia in neutral zone.
2:14 of 3rd period - Shot by Mavrik Bourque.
2:14 of 3rd period - Shot Blocked by Lian Bichsel.
2:37 of 3rd period - William Trudeau is hit by Matt Rempe and loses puck.
3:08 of 3rd period - Shot by Noah Ostlund.
3:08 of 3rd period - Shot Blocked by Charles-Alexis Legault.
3:12 of 3rd period - Shot by Noah Ostlund.
3:12 of 3rd period - Deflect By Brandon Gignac.
3:12 of 3rd period - Stopped by Akira Schmid without a rebound.
3:13 of 3rd period - Mikael Pyyhtia wins face-off versus David Goyette in NEW HAVEN WARTHOGS zone.
3:13 of 3rd period - Mikael Pyyhtia is hit by Ben Hemmerling.
3:21 of 3rd period - Shot by Tristan Broz.
3:21 of 3rd period - Stopped by Callum Tung without a rebound.
3:22 of 3rd period - Noah Ostlund wins face-off versus Ryan Suzuki in HARTFORD MONKEYS zone.
3:22 of 3rd period - Noah Ostlund is hit by Julian Lutz.
3:33 of 3rd period - Shot by Brandon Gignac.
3:33 of 3rd period - Stopped by Akira Schmid with a rebound.
3:40 of 3rd period - Icing by Ryan Suzuki.
3:41 of 3rd period - Justin Ertel wins face-off versus David Goyette in NEW HAVEN WARTHOGS zone.
3:41 of 3rd period - Justin Ertel is hit by David Goyette.
4:08 of 3rd period - Julian Lutz is hit by Keaton Middleton and loses puck.
4:14 of 3rd period - Icing by David Goyette.
4:15 of 3rd period - David Goyette wins face-off versus Jakub Lauko in HARTFORD MONKEYS zone.
4:15 of 3rd period - David Goyette is hit by Mark Kastelic.
4:32 of 3rd period - Off-side.
4:33 of 3rd period - Mavrik Bourque wins face-off versus Mikael Pyyhtia in neutral zone.
5:36 of 3rd period - Lian Bichsel is hit by Corey Andonovski and loses puck.
5:40 of 3rd period - Icing by Zachary Jones.
5:41 of 3rd period - Noah Ostlund wins face-off versus Mark Kastelic in NEW HAVEN WARTHOGS zone.
5:41 of 3rd period - Noah Ostlund is hit by Lian Bichsel.
5:51 of 3rd period - Shot by Jakub Lauko.
5:51 of 3rd period - Deflect By Matt Rempe.
5:51 of 3rd period - Stopped by Callum Tung without a rebound.
5:52 of 3rd period - David Goyette wins face-off versus Ryan Suzuki in HARTFORD MONKEYS zone.
5:52 of 3rd period - David Goyette is hit by Julian Lutz.
6:13 of 3rd period - Shot by Gavin Brindley.
6:13 of 3rd period - Shot Blocked by Isaiah George.
6:22 of 3rd period - Gavin Brindley is hit by Charles-Alexis Legault and loses puck.
7:16 of 3rd period - Noah Ostlund is hit by Lian Bichsel and loses puck.
7:43 of 3rd period - Shot by Mavrik Bourque.
7:43 of 3rd period - Shot Misses the Net.
7:45 of 3rd period - Shot by Mavrik Bourque.
7:45 of 3rd period - Shot Blocked by Jack St. Ivany.
7:47 of 3rd period - Shot by Mavrik Bourque.
7:47 of 3rd period - Shot Misses the Net.
8:15 of 3rd period - Shot by David Goyette.
8:15 of 3rd period - Stopped by Akira Schmid without a rebound.
8:16 of 3rd period - David Goyette wins face-off versus Jakub Lauko in NEW HAVEN WARTHOGS zone.
8:44 of 3rd period - Shot by David Goyette.
8:44 of 3rd period - Shot Misses the Net.
10:34 of 3rd period - Shot by Mavrik Bourque.
10:34 of 3rd period - Stopped by Akira Schmid without a rebound.
10:35 of 3rd period - Ryan Suzuki wins face-off versus David Goyette in NEW HAVEN WARTHOGS zone.
10:35 of 3rd period - Ryan Suzuki is hit by Ben Hemmerling.
10:40 of 3rd period - Off-side.
10:41 of 3rd period - David Goyette wins face-off versus Ryan Suzuki in neutral zone.
11:29 of 3rd period - Shot by Mavrik Bourque.
11:29 of 3rd period - Stopped by Akira Schmid with a rebound.
11:41 of 3rd period - Shot by Filip Mesar.
11:41 of 3rd period - Stopped by Akira Schmid without a rebound.
11:42 of 3rd period - Mavrik Bourque wins face-off versus Mark Kastelic in NEW HAVEN WARTHOGS zone.
11:57 of 3rd period - Shot by Mark Kastelic.
11:57 of 3rd period - Stopped by Callum Tung with a rebound.
12:03 of 3rd period - Shot by Mark Kastelic.
12:03 of 3rd period - Stopped by Callum Tung without a rebound.
12:04 of 3rd period - Mikael Pyyhtia wins face-off versus David Goyette in HARTFORD MONKEYS zone.
12:11 of 3rd period - Shot by Mikael Pyyhtia.
12:11 of 3rd period - Shot Misses the Net.
13:56 of 3rd period - Ryan Suzuki is hit by Declan Carlile and loses puck.
14:21 of 3rd period - Charles-Alexis Legault is hit by Corey Andonovski and loses puck.
14:28 of 3rd period - Shot by Mavrik Bourque.
14:28 of 3rd period - Shot Misses the Net.
14:30 of 3rd period - Shot by Keaton Middleton.
14:30 of 3rd period - Stopped by Akira Schmid without a rebound.
14:31 of 3rd period - Dans Locmelis wins face-off versus David Goyette in NEW HAVEN WARTHOGS zone.
14:31 of 3rd period - Dans Locmelis is hit by David Goyette.
15:07 of 3rd period - Minor Penalty to Mark Kastelic for Hooking.
15:08 of 3rd period - Mavrik Bourque wins face-off versus Mikael Pyyhtia in NEW HAVEN WARTHOGS zone.
15:13 of 3rd period - Shot by Logan Mailloux.
15:13 of 3rd period - Shot Misses the Net.
16:37 of 3rd period - Icing by Mavrik Bourque.
16:38 of 3rd period - Julian Lutz wins face-off versus Mavrik Bourque in HARTFORD MONKEYS zone.
16:59 of 3rd period - Shot by Jakub Lauko.
16:59 of 3rd period - Shot Misses the Net.
17:01 of 3rd period - Shot by Jakub Lauko.
17:01 of 3rd period - Shot Misses the Net.
17:43 of 3rd period - Shot by Mikael Pyyhtia.
17:43 of 3rd period - Shot Misses the Net.
17:45 of 3rd period - Shot by Mikael Pyyhtia.
17:45 of 3rd period - Stopped by Callum Tung without a rebound.
17:46 of 3rd period - David Goyette wins face-off versus Ryan Suzuki in HARTFORD MONKEYS zone.
18:14 of 3rd period - Shot by Gavin Brindley.
18:14 of 3rd period - Shot Blocked by Cole McWard.
18:16 of 3rd period - Shot by William Trudeau.
18:16 of 3rd period - Shot Misses the Net.
18:36 of 3rd period - Shot by Mavrik Bourque.
18:36 of 3rd period - Shot Misses the Net.
18:40 of 3rd period - Shot by Mavrik Bourque.
18:40 of 3rd period - Goal by Mavrik Bourque - HARTFORD MONKEYS : 2 - NEW HAVEN WARTHOGS : 2.
18:41 of 3rd period - Mikael Pyyhtia wins face-off versus Noah Ostlund in neutral zone.
18:47 of 3rd period - Off-side.
18:48 of 3rd period - Mark Kastelic wins face-off versus Mavrik Bourque in neutral zone.
18:51 of 3rd period - Corey Andonovski is hit by Matt Rempe and loses puck.
19:18 of 3rd period - Shot by Mark Kastelic.
19:18 of 3rd period - Shot Misses the Net.
19:20 of 3rd period - Shot by Zachary Jones.
19:20 of 3rd period - Stopped by Callum Tung without a rebound.
19:21 of 3rd period - Noah Ostlund wins face-off versus Mikael Pyyhtia in HARTFORD MONKEYS zone.
19:21 of 3rd period - Noah Ostlund is hit by Tyler Boucher.
19:28 of 3rd period - Logan Mailloux is hit by Charles-Alexis Legault and loses puck.
19:47 of 3rd period - Shot by Mikael Pyyhtia.
19:47 of 3rd period - Shot Misses the Net.
19:49 of 3rd period - Shot by Mikael Pyyhtia.
19:49 of 3rd period - Stopped by Callum Tung without a rebound.
19:50 of 3rd period - David Goyette wins face-off versus Dans Locmelis in HARTFORD MONKEYS zone.
19:55 of 3rd period - Shot by Jakub Lauko.
19:55 of 3rd period - Shot Misses the Net.
19:57 of 3rd period - Shot by Jakub Lauko.
19:57 of 3rd period - Shot Hit the Post.
19:59 of 3rd period - Shot by Mark Kastelic.
19:59 of 3rd period - Stopped by Callum Tung with a rebound.
Goals for this period are 2 for HARTFORD MONKEYS vs 0 for NEW HAVEN WARTHOGS.
Shots for this period are 11 for HARTFORD MONKEYS vs 8 for NEW HAVEN WARTHOGS.

Overtime #1


0:01 of 1st overtime period - David Goyette wins face-off versus Mark Kastelic in neutral zone.
0:04 of 1st overtime period - Shot by David Goyette.
0:04 of 1st overtime period - Shot Misses the Net.
0:27 of 1st overtime period - Jakub Lauko is hit by William Trudeau and loses puck.
0:33 of 1st overtime period - Off-side.
0:34 of 1st overtime period - Mikael Pyyhtia wins face-off versus Corey Andonovski in neutral zone.
0:49 of 1st overtime period - Shot by Ryan Suzuki.
0:49 of 1st overtime period - Shot Misses the Net.
0:51 of 1st overtime period - Shot by Mikael Pyyhtia.
0:51 of 1st overtime period - Goal by Mikael Pyyhtia - HARTFORD MONKEYS : 2 - NEW HAVEN WARTHOGS : 3.
Goals for this period are 0 for HARTFORD MONKEYS vs 1 for NEW HAVEN WARTHOGS.
Shots for this period are 0 for HARTFORD MONKEYS vs 1 for NEW HAVEN WARTHOGS.